 Dungeon Crawl Stone Soup version 0.21-a0-584-g185da8e (webtiles) character file.

104 Amnesiac the Insei (level 4, -5/30 HPs)
             Began as an Octopode Transmuter on Dec 20, 2017.
             Slain by a gnoll
             ... wielding a +0 spear
              (9 damage)
             ... on level 3 of the Dungeon.
             The game lasted 00:01:58 (2080 turns).

Amnesiac the Insei (Octopode Transmuter)            Turns: 2080, Time: 00:01:59

Health: -5/30      AC:  1    Str:  9    XL:     4   Next: 80%
Magic:  2/7        EV: 14    Int: 15    God:
Gold:   34         SH:  0    Dex: 13    Spells: 1/7 levels left

rFire    . . .     SeeInvis .     - Unarmed
rCold    . . .     Gourm    .   (no shield)
rNeg     . . .     Faith    .   (helmet restricted)
rPois    .         Spirit   .   (no amulet)
rElec    .         Reflect  .   (no ring)
rCorr    .         Harm     .   (no ring)
MR       .....                  (no ring)
Stlth    ++........             (no ring)
HPRegen  0.10/turn              (no ring)
MPRegen  0.10/turn              (no ring)
                                (no ring)
                                (no ring)

@: very slightly contaminated
A: almost no armour, stealthy swim, amphibious, 8 rings, constrict 8, camouflage
1, gelatinous body 1
a: no special abilities


You were on level 3 of the Dungeon.
You were not hungry.

You visited 1 branch of the dungeon, and saw 3 of its levels.

You collected 34 gold pieces.

Inventory:

Missiles
 a - 12 arrows
 i - 45 stones (quivered)
Jewellery
 j - an uncursed ring of see invisible {unknown}
Wands
 l - a wand of random effects (22)
Scrolls
 e - a scroll of remove curse {!r, unknown}
 h - a scroll of teleportation {!r, unknown}
 m - a scroll of magic mapping {!r, unknown}
 n - a scroll of identify {!r, unknown}
 p - a scroll of fog {!r, unknown}
 q - a scroll of immolation {!r, unknown}
Potions
 f - 2 potions of haste {!q, unknown}
 g - 3 potions of heal wounds {!q}
 k - a potion of flight {!q, unknown}
 o - a potion of cancellation {!q, unknown}
Books
 b - a book of Changes

   Spells                             Type                      Level
   a - Beastly Appendage              Transmutation                1
   b - Sticks to Snakes               Transmutation                2
   c - Spider Form                    Transmutation/Poison         3
   d - Ice Form                       Ice/Transmutation            4
   e - Blade Hands                    Transmutation                5
Comestibles
 c - 2 rations


   Skills:
 + Level 2.6 Fighting
 + Level 2.6 Dodging
 * Level 3.9 Unarmed Combat
 - Level 2.0 Spellcasting
 + Level 2.6 Transmutations


You had one spell level left.
You knew the following spells:

 Your Spells              Type           Power        Failure   Level  Hunger
a - Beastly Appendage     Tmut           #.....       8%          1    #......
b - Sticks to Snakes      Tmut           #.......     12%         2    ###....
e - Spider Form           Tmut/Pois      #.........   36%         3    ###....


Dungeon Overview and Level Annotations

Branches:
Dungeon (3/15)

Altars:


Innate Abilities, Weirdness & Mutations

You cannot wear most types of armour.
You are very stealthy in the water. (Stealth+)
You are amphibious.
You can wear up to eight rings at the same time.
You can use your tentacles to constrict eight enemies at once.
Your skin changes colour to match your surroundings (Stealth+).
Your rubbery body absorbs attacks. (AC +1, EV +1)


Message History

The worm moves out of view.
You tentacle-slap the goblin.
You kill the goblin!
A kobold comes into view. It is wielding a dagger.
The rat bites you. The rat closely misses you.
The gnoll hits you from afar with a spear.
The rat closely misses you. 2 orcs come into view.
Found a club.
Casting: Spider Form
Confirm with . or Enter, or press ? or * to list all spells.
You miscast Spider Form.
You are very lightly contaminated with residual magic.
Nothing appears to happen.
The rat bites you.
You barely miss the rat. You grab the rat. You squeeze the rat.
You kill the rat!
You tentacle-slap the kobold but do no damage.
The kobold closely misses you.
You tentacle-slap the kobold.
The kobold is heavily wounded.
The kobold hits you with a dagger.
You miss the kobold.
The kobold is heavily wounded.
The kobold misses you.
You tentacle-slap the kobold but do no damage.
You grab the kobold. You squeeze the kobold.
The kobold is severely wounded.
You constrict the kobold.
You kill the kobold!
Casting: Spider Form
Confirm with . or Enter, or press ? or * to list all spells.
You miscast Spider Form.
Waves of light ripple over your body. The leopard gecko misses you.
A gnoll comes into view. It is wielding a spear.
You barely miss the leopard gecko. The leopard gecko barely misses you.
The gnoll hits you from afar with a spear!
* * * LOW HITPOINT WARNING * * *
A gnoll comes into view. It is wielding a spear.
The leopard gecko closely misses you.
The gnoll shouts!
You tentacle-slap the leopard gecko.
You kill the leopard gecko!
You hear a shout!
The gnoll hits you from afar with a spear.
* * * LOW HITPOINT WARNING * * *
An ooze comes into view.
Okay, then.
Really quaff
g - 4 glowing puce potions {!q}?
It was a potion of heal wounds {!q}.
You feel much better. The gnoll barely misses you.
The ooze quivers.
The gnoll hits you from afar with a spear.
You tentacle-slap the ooze.
The ooze is heavily wounded.
The ooze hits you but does no damage.
The gnoll hits you from afar with a spear!
* * * LOW HITPOINT WARNING * * *
You tentacle-slap the ooze.
The ooze is almost dead.
The ooze hits you.
* * * LOW HITPOINT WARNING * * *
The gnoll hits you from afar with a spear!
You die...

#. #. #. #. #.##
..#
#J################
#@#..g..w.w.g.....
#.gg#########..###
#..## .....# #..#
o......# #..#
........# #..#
.......)# ##.#.
........# #.##
.o.....## #.#


You could see 2 gnolls and an ooze.

Vanquished Creatures
  4 adders (D:2)
  An ooze (D:1)
  A worm (D:2)
  A dart slug (D:1)
  2 leopard geckos
  A ball python (D:1)
  6 bats
  5 giant cockroaches
  5 goblins
  7 hobgoblins
  3 jackals (D:1)
  5 kobolds
  4 frilled lizards
  9 rats
54 creatures vanquished.

Notes
Turn   | Place    | Note
-------+----------+-------------------------------------------
     0 | D:1      | Amnesiac the Octopode Transmuter began the quest for the Orb.
     0 | D:1      | Reached XP level 1. HP: 13/13 MP: 3/3
    90 | D:1      | Reached XP level 2. HP: 18/19 MP: 5/5
   114 | D:1      | Learned a level 2 spell: Sticks to Snakes
   484 | D:1      | Reached XP level 3. HP: 21/24 MP: 6/6
  1032 | D:1      | Learned a level 3 spell: Spider Form
  1120 | D:1      | Reached XP level 4. HP: 5/30 MP: 5/7
  2080 | D:3      | Slain by a gnoll

Vault maps used:
D:1:      sevenhm_arrival_forest_fort_large_2, bh_walls_and_bars
D:2:      minmay_pentomino_p2
D:3:      cheibrodos_pilgrimage, bloody_trog, hex_tiny,
          kennysheep_generic_room_9

Skill      XL: |  1 |
---------------+----+-----
Fighting       | 2 |  2.6
Dodging        | |  2.6
Unarmed Combat | |  3.9
Spellcasting   | |  2.0
Transmutations | |  2.6

Action                   |  1- 3 |  4- 6 || total
-------------------------+-------+-------++-------
Melee: Unarmed           |    95 |    44 ||   139
       Constrict         |    25 |    13 ||    38
       Tentacles         |    13 |     8 ||    21
       Punch             |     4 |       ||     4
 Cast: Spider Form       |     1 |       ||     1
  Use: Potion            |       |     1 ||     1
 Stab: Sleeping          |     5 |     2 ||     7
       Distracted        |       |     1 ||     1
  Eat: Chunk             |       |     4 ||     4
Armor: Skin              |    18 |     2 ||    20
Dodge: Dodged            |    60 |    26 ||    86

Table legend:
 A = Spawn XP
 B = Non-spawn XP
 C = Spawn XP percentage of total XP
 D = Spawn monster count
 E = Non-spawn monster count
 F = Spawn count percentage of total count
 G = Total turns spent on level
                    A         B        C        D         E        F      G
               +---------+---------+-------+---------+---------+-------+---------
         Total |       0 |     149 |   0.0 |       0 |      54 |   0.0 |  2080
               +---------+---------+-------+---------+---------+-------+---------
           D:1 |       0 |      64 |   0.0 |       0 |      33 |   0.0 |  1327
           D:2 |       0 |      77 |   0.0 |       0 |      17 |   0.0 |   713
           D:3 |       0 |       8 |   0.0 |       0 |       4 |   0.0 |    40
               +---------+---------+-------+---------+---------+-------+---------
